 Dungeon Crawl Stone Soup version 0.17-a0-2027-gcac42c4 (webtiles) character file.

59 Kel the Skirmisher (level 4, -1/35 HPs)
             Began as a Formicid Abyssal Knight on Oct 10, 2015.
             Was a Follower of Lugonu.
             Slain by an orc
             ... wielding a +0 dagger
              (3 damage)
             ... on level 4 of the Dungeon.
             The game lasted 00:07:20 (1570 turns).

Kel the Skirmisher (Formicid Abyssal Knight)        Turns: 1570, Time: 00:07:20

Health: -1/35      AC:  8    Str: 16    XL:     4   Next: 22%
Magic:  6/6        EV:  4    Int: 12    God:    Lugonu [*.....]
Gold:   50         SH:  8    Dex: 11    Spells: 0 memorised, 3 levels left

rFire  . . .     SeeInvis +     a - +1 hand axe
rCold  . . .     Clarity  .     i - +0 chain mail
rNeg   . . .     SustAt   .     d - +0 shield
rPois  .         Gourm    .     (helmet unavailable)
rElec  .         Spirit   .     (no cloak)
rCorr  .         Warding  .     (no gloves)
rMut   .         Stasis   +     (no boots)
MR     .....                    (no amulet)
Stlth  ..........               (no ring)
                                (no ring)

@: flying, not resistant to hostile enchantments, extremely unstealthy
A: permanent stasis, dig shafts and tunnels, four strong arms, antennae 3
a: Dig, Shaft Self, Depart the Abyss, Renounce Religion


You were on level 4 of the Dungeon.
You worshipped Lugonu.
Lugonu was aware of your devotion.
You were near starving.

You visited 1 branch of the dungeon, and saw 3 of its levels.
You visited the Abyss 1 time.

You collected 50 gold pieces.

Inventory:

Hand Weapons
 a - a +1 hand axe (weapon)
Armour
 d - a +0 shield (worn)
 i - a +0 chain mail (worn)
Scrolls
 b - 3 scrolls of teleportation {unknown}
 e - 2 scrolls of noise {unknown}
 g - 2 scrolls of identify {unknown}
 h - a scroll of magic mapping {unknown}
 m - 2 scrolls of enchant armour {unknown}
Comestibles
 c - a bread ration
 f - 3 beef jerkies
 j - a meat ration


   Skills:
 - Level 3.5 Fighting
 + Level 2.7 Axes
 - Level 2.3 Armour
 - Level 1.0 Dodging
 + Level 2.3 Shields
 - Level 2.8 Invocations


You had 3 spell levels left.
You didn't know any spells.

Dungeon Overview and Level Annotations

Branches:
Dungeon (4/15)
 Temple: D:4-7

Altars:
Vehumet

Annotations:
D:2 Sigmund


Innate Abilities, Weirdness & Mutations

You are under a permanent stasis effect.
You can dig through walls and to a lower floor.
Your four strong arms can wield two-handed weapons with a shield.
You have a pair of large antennae on your head (SInv).


Message History

A shaft appears beneath you!
You are sucked into a shaft for 2 floors!
The shaft crumbles and collapses.
You hear the sound of rushing water.
There is an entrance to a sewer on this level.
Hurry and find it before the portal rusts away!
An orc and an orc priest come into view.
The orc priest shouts!
The orc shouts!
Found a potion of heal wounds.
Use which ability?
Okay, then.
An orc comes into view. It is wielding a dagger.
The orc shouts!
You block the orc's attack. You block the orc priest's attack.
The orc priest hits you but does no damage.
The orc barely misses you.
The orc priest hits you but does no damage.
The orc hits you with a club.
* * * LOW HITPOINT WARNING * * *
The orc hits you with a dagger.
You die...

##!## .# #...#
.# ....##.###.
.........
#......# #.....
#ooo##.##.
#.@.......
..........###.#
###.##.#..# #
#. ..# #. ..#
#. ..# #. #.#
#. ..


You could see an orc priest and 2 orcs.

Vanquished Creatures
  A gnoll (D:1)
  An adder (D:2)
  An ooze (D:1)
  2 giant geckos (D:1)
  3 bats (D:1)
  4 hobgoblins (D:1)
  3 jackals (D:1)
  4 kobolds (D:1)
  2 giant newts (D:1)
  6 goblins (D:1)
  6 rats (D:1)
33 creatures vanquished.

Notes
Turn   | Place    | Note
--------------------------------------------------------------
     0 | Abyss:1  | Kel the Formicid Abyssal Knight began the quest for the Orb.
     0 | Abyss:1  | Reached XP level 1. HP: 18/18 MP: 2/2
    76 | Abyss:2  | Found a corrupted altar of Lugonu.
    85 | Abyss:2  | Noticed a quasit
    85 | D:1      | Escaped the Abyss
    93 | D:1      | Reached skill level 1 in Dodging
   357 | D:1      | Reached XP level 2. HP: 21/24 MP: 3/3
   360 | D:1      | Acquired Lugonu's first power
   852 | D:1      | Reached skill level 1 in Shields
   852 | D:1      | Reached XP level 3. HP: 29/29 MP: 5/5
  1188 | D:1      | Reached XP level 4. HP: 24/35 MP: 6/6
  1543 | D:2      | Found a radiant altar of Vehumet.
  1547 | D:2      | Noticed Sigmund
  1562 | D:2      | You are sucked into a shaft for 2 floors!
  1570 | D:4      | Slain by an orc

Vault maps used:
D:1:      dpeg_arrival_arbitrary_b, kennysheep_pointless_box, hex_medium
D:2:      vehumet_crystals, first_bread, minivault_26, uniq_sigmund
D:4:      gup_sewer_entry_bowl, uniq_edmund, uniq_robin
Abyss:2:  evilmike_abyss_exit_15

Action                   |  1- 3 |  4- 6 || total
-------------------------+-------+-------++-------
Melee: Hand axe          |    89 |    16 ||   105
Invok: Depart the Abyss  |     1 |       ||     1
 Abil: Dig               |     1 |       ||     1
       Shaft Self        |       |     1 ||     1
  Use: Potion            |     2 |     5 ||     7
  Eat: Chunk             |     1 |       ||     1
